 Dungeon Crawl Stone Soup version 0.17-a0-2208-ge5ab1d3 (webtiles) character file.

3111 Vatticson the Blocker (level 9, -11/81 HPs)
             Began as a Deep Dwarf Fighter on Oct 23, 2015.
             Was an Initiate of Ashenzari.
             Killed from afar by Erolcha (34 damage)
             ... with a crystal spear
             ... on level 9 of the Dungeon on Oct 26, 2015.
             The game lasted 02:02:29 (8573 turns).

Vatticson the Blocker (Deep Dwarf Fighter)          Turns: 8573, Time: 02:02:29

Health: -11/81     AC:  8    Str: 22    XL:     9   Next: 60%
Magic:  9/9        EV: 10    Int: 10    God:    Ashenzari [......]
Gold:   107        SH: 11    Dex: 12    Spells: 0 memorised, 8 levels left

rFire  . . .     SeeInvis +     B - +2 hand axe (flame)
rCold  + . .     Clarity  .     d - +0 leather armour "Tuij" {rN+} (curse)
rNeg   + + .     SustAt   .     c - +0 shield
rPois  .         Gourm    .     F - +2 helmet {SInv}
rElec  .         Spirit   .     t - +0 cloak
rCorr  .         Warding  +     (no gloves)
rMut   .         Stasis   .     k - -2 pair of boots (curse)
MR     +....                    A - amulet of warding
Stlth  +.........               (no ring)
                                m - ring of protection from cold

@: very slightly contaminated, non-regenerating, hasted, very quick, somewhat
resistant to hostile enchantments, very unstealthy
A: damage resistance, recharge devices, sense surroundings 2, slow regeneration
3
a: Device Recharging, Renounce Religion


You were on level 9 of the Dungeon.
You worshipped Ashenzari.
Ashenzari was noncommittal.
You were not hungry.

You visited 2 branches of the dungeon, and saw 10 of its levels.

You collected 547 gold pieces.
You spent 440 gold pieces at shops.

Inventory:

Hand Weapons
 a - a +1 long sword
 g - a +0 club
 y - a +0 whip of freezing
 B - a +2 hand axe of flaming (weapon)
Missiles
 p - 511 stones
 z - a tomahawk of returning (quivered)
Armour
 c - a +0 shield (worn)
 d - the cursed +0 leather armour "Tuij" (worn) {rN+}
   (You found it on level 8 of the Dungeon)

   It protects you from negative energy.
   It has a curse placed upon it.
 k - a cursed -2 pair of boots (worn)
 q - a +0 plate armour
 t - a +0 cloak (worn)
 x - a +0 helmet
 F - a +2 helmet of see invisible (worn)
 H - the +1 robe "Qeackyss" {rElec Str+4}
   (You found it on level 7 of the Dungeon)

   It affects your strength (+4).
   It insulates you from electricity.
Jewellery
 m - a ring of protection from cold (left hand)
 A - an amulet of warding (around neck)
Wands
 e - a wand of heal wounds (3)
 w - a wand of slowing (16)
 E - a wand of confusion (12)
 K - a wand of confusion (21)
Scrolls
 b - 4 scrolls of amnesia
 j - 3 scrolls of enchant weapon
 r - 3 scrolls of noise
 s - a scroll of recharging
 u - a scroll of fear
 v - 3 scrolls of remove curse
 I - 2 scrolls of identify
Potions
 h - a potion of lignification {unknown}
 l - 4 potions of brilliance
 o - 4 potions of poison
 D - 4 potions of curing
 G - 2 potions of magic {unknown}
Books
 J - a book of Enchantments

   Spells                             Type                      Level
   a - Cause Fear                     Hexes                        4
   b - Silence                        Hexes/Air                    5
   c - Deflect Missiles               Charms/Air                   6
   d - Haste                          Charms                       6
   e - Discord                        Hexes                        8
Comestibles
 f - a bread ration
 n - 4 meat rations


   Skills:
 + Level 5.3 Fighting
 - Level 5.9 Long Blades
 * Level 3.1 Axes
 + Level 2.7 Throwing
 + Level 7.6 Armour
 - Level 1.5 Dodging
 + Level 1.0 Stealth
 + Level 9.0 Shields
 + Level 1.8 Evocations


You had 8 spell levels left.
You didn't know any spells.

Dungeon Overview and Level Annotations

Branches:
Dungeon (9/15)             Temple (1/1) D:5
   Lair: D:8-11         Orc: D:9-12

Altars:
Ashenzari
Cheibriados
Dithmenos
Elyvilon
Fedhas
Gozag
Kikubaaqudgha
Makhleb
Okawaru
Qazlal
Ru
Sif Muna
Trog
Vehumet
Xom
Yredelemnul
Zin

Shops:
D:7 [   D:8 *

Annotations:
D:6 Prince Ribbit
D:9 Erolcha, Grum


Innate Abilities, Weirdness & Mutations

You are resistant to damage.
You can recharge devices by infusing magical energy.
You passively map the area around you.
You do not regenerate naturally.


Message History

Erolcha is lightly wounded.
The tomahawk of returning returns to your pack!
Erolcha casts a spell at you. The crystal spear hits you!
* * * LOW HITPOINT WARNING * * *
Throwing (i - inventory. (,) - cycle):
z - 2 tomahawks of returning (quivered)
Press: ? - help, Shift-Dir - straight line, f/p - Erolcha
Aim: Erolcha, wielding a giant spiked club and wearing a robe (lightly wounded)
You throw a tomahawk of returning.
The tomahawk of returning closely misses Erolcha.
The tomahawk of returning fails to return to your pack!
Throwing (i - inventory. (,) - cycle):
z - a tomahawk of returning (quivered)
Press: ? - help, Shift-Dir - straight line, f/p - Erolcha
Aim: Erolcha, wielding a giant spiked club and wearing a robe (lightly wounded)
You throw a tomahawk of returning.
The tomahawk of returning closely misses Erolcha.
The tomahawk of returning returns to your pack!
Erolcha gestures at you while chanting. The crystal spear hits you!
You die...

*, #.#..#* .... ,, ,
* ##.....##..., *,
,*...........##* . *
* *
*........>...##..*
Y..............# , ,
### *
...............#** ,
* #...
###..............,,,
#...##.......)...# ,
##..(#....#...@...#
** ,
#......#..#...)#.##
, #.....#..##.#.(..#
* #..........O.(.##
* ,, ,,
#...._........## * *
, #....§........# *
,* #####.§<.....## *
#....Y(.Y## ,,,
#...#.<..####. *


You could see Erolcha and 3 yaks.

Vanquished Creatures
  Pikel (D:4)
  2 sky beasts (D:7)
  3 ice beasts
  3 ogres
  2 slaves (D:4)
  A phantom (D:6)
  3 centaurs
  A big kobold (D:5)
  Blork the orc (D:6)
  2 giant frogs
  6 killer bees (D:7)
  2 scorpions
  A crimson imp (D:7)
  2 orc priests
  A quasit (D:6)
  2 giant frog skeletons (D:5)
  5 hounds
  An iguana (D:8)
  A jelly (D:5)
  2 worker ants
  Jessica (D:3)
  5 orc wizards
  A hound zombie (D:5)
  A hound skeleton (D:5)
  A worker ant zombie (D:5)
  11 gnolls (D:5)
  10 adders
  2 oozes
  3 worms
  25 orcs
  4 bats
  4 giant cockroaches
  29 goblins
  26 hobgoblins
  8 jackals
  5 quokkas
  6 giant geckos
  A giant gecko skeleton (D:4)
  9 giant newts
  9 kobolds
  A quokka skeleton (D:6)
  5 rats
209 creatures vanquished.

Vanquished Creatures (others)
  A scorpion (D:4)
1 creature vanquished.

Grand Total: 210 creatures vanquished

Notes
Turn   | Place    | Note
--------------------------------------------------------------
     0 | D:1      | Vatticson the Deep Dwarf Fighter began the quest for the Orb.
     0 | D:1      | Reached XP level 1. HP: 20/20 MP: 1/1
   232 | D:1      | Reached XP level 2. HP: 22/27 MP: 2/2
   599 | D:2      | Found a sacrificial altar of Ru.
   906 | D:2      | Found a blossoming altar of Fedhas.
   911 | D:2      | Reached skill level 4 in Shields
  1582 | D:3      | Reached XP level 3. HP: 26/33 MP: 3/3
  1894 | D:3      | Noticed Jessica
  1906 | D:3      | Killed Jessica
  1906 | D:3      | Reached XP level 4. HP: 18/42 MP: 4/4
  2079 | D:3      | Found a sacrificial altar of Ru.
  2103 | D:3      | Found a snail-covered altar of Cheibriados.
  2393 | D:4      | Upgraded the game from 0.17-a0-2127-g1cb09f6 to 0.17-a0-2147-gfb20a63
  2674 | D:4      | Reached XP level 5. HP: 46/49 MP: 5/5
  2748 | D:4      | Noticed a slave
  2749 | D:4      | Noticed a slave
  2749 | D:4      | Noticed a slave
  2752 | D:4      | Noticed a slave
  2791 | D:4      | Killed a slave
  2805 | D:4      | Killed a slave
  2847 | D:4      | Noticed Pikel
  2848 | D:4      | Found a white marble altar of Elyvilon.
  2879 | D:4      | Killed Pikel
  2879 | D:4      | Reached skill level 5 in Armour
  2879 | D:4      | Reached skill level 1 in Dodging
  2879 | D:4      | Reached skill level 5 in Shields
  2879 | D:4      | Reached XP level 6. HP: 36/57 MP: 6/6
  2879 | D:4      | Reached XP level 7. HP: 40/64 MP: 7/7
  3561 | D:5      | Entered Level 5 of the Dungeon
  3561 | D:5      | Found a staircase to the Ecumenical Temple.
  3568 | D:5      | Upgraded the game from 0.17-a0-2147-gfb20a63 to 0.17-a0-2171-ga91b4ec
  3572 | Temple   | Entered the Ecumenical Temple
  3757 | D:5      | Reached skill level 6 in Armour
  3757 | D:5      | Reached skill level 1 in Evocations
  4134 | D:5      | Reached skill level 1 in Throwing
  4590 | D:5      | Reached XP level 8. HP: 40/72 MP: 8/8
  5273 | D:5      | Reached skill level 7 in Shields
  5386 | D:5      | Reached skill level 5 in Long Blades
  5714 | D:6      | Found an opulent altar of Gozag.
  6024 | D:6      | Reached skill level 1 in Stealth
  6195 | D:6      | Found a shimmering altar of Xom.
  6226 | D:6      | Found a stormy altar of Qazlal.
  6259 | D:6      | HP: 1/73 [phantom (3)]
  6300 | D:6      | Upgraded the game from 0.17-a0-2171-ga91b4ec to 0.17-a0-2208-ge5ab1d3
  6662 | D:6      | Noticed Blork the orc
  6683 | D:6      | Killed Blork the orc
  6683 | D:6      | Gained mutation: You passively map the area around you. [Deep Dwarf growth]
  6683 | D:6      | Reached XP level 9. HP: 51/80 MP: 8/8
  6767 | D:6      | Noticed Prince Ribbit
  6893 | D:6      | Reached skill level 8 in Shields
  6943 | D:6      | Reached skill level 5 in Fighting
  7341 | D:7      | Reached skill level 1 in Axes
  7373 | D:7      | Found Eclo's Armour Emporium.
  7394 | D:7      | Bought a +2 helmet of see invisible for 279 gold pieces
  7412 | D:7      | Found a shattered altar of Ashenzari.
  7428 | D:7      | Became a worshipper of Ashenzari the Shackled
  7441 | D:7      | Found a deep blue altar of Sif Muna.
  7616 | D:7      | Got the uncursed robe "Qeackyss" {rElec Str+4}
  7635 | D:7      | Found a burning altar of Makhleb.
  7768 | D:7      | Found a shattered altar of Ashenzari.
  7890 | D:8      | Got the cursed leather armour "Tuij" {rN+}
  7901 | D:8      | Identified the cursed +0 leather armour "Tuij" {rN+} (You found it on level 8 of the Dungeon)
  7901 | D:8      | Identified the +1 robe "Qeackyss" {rElec Str+4} (You found it on level 7 of the Dungeon)
  8014 | D:8      | Found Koeblaol's General Store.
  8082 | D:8      | Bought a scroll of recharging for 133 gold pieces
  8082 | D:8      | Bought a scroll of identify for 28 gold pieces
  8276 | D:8      | Reached skill level 9 in Shields
  8503 | D:9      | Found a shadowy altar of Dithmenos.
  8531 | D:9      | Noticed Grum
  8555 | D:9      | Noticed Erolcha
  8573 | D:9      | Killed from afar by Erolcha

Vault maps used:
D:1:      tarquinn_simple_flora_water_a
D:2:      grunt_temple_overflow_opulence, fedhas_altar_2, first_bread,
          nicolae_ru_awakened_eye
D:3:      overflow_temple_1_default, cheibriados_altar_wand_db, uniq_jessica
D:4:      elyvilon_altar_3, uniq_pikel
D:5:      minmay_goblin_kobold_castle, minmay_temple_entry_statues_pillars
D:6:      lemuel_coloured_pillars_altar, grunt_qazlal_clouds,
          portal_sewer_entry_d, nicolae_gozag_cash_rules_everything_around_me,
          uniq_blork_the_orc, uniq_prince_ribbit1
D:7:      old_standard_altar, overflow_temple_1_default, old_standard_altar,
          serial_shops, shop, basic_altar
D:8:      serial_shops, shop
D:9:      kennysheep_mini, grunt_dithmenos_smoke, uniq_psyche, uniq_erolcha,
          uniq_grum
Temple:   nicolae_temple_no_exploring_needed

Action                   |  1- 3 |  4- 6 |  7- 9 || total
-------------------------+-------+-------+-------++-------
Melee: Long sword        |   110 |   152 |   553 ||   815
       Hand axe          |       |       |   135 ||   135
Throw: Stone             |     4 |     6 |   110 ||   120
       Tomahawk          |       |       |    39 ||    39
 Abil: Device Recharging |       |       |     1 ||     1
Evoke: Wand              |     2 |     2 |     8 ||    12
  Use: Scroll            |     6 |     3 |    13 ||    22
       Potion            |     1 |     3 |     7 ||    11
  Eat: Bread ration      |     1 |       |     2 ||     3
       Chunk             |     1 |       |     2 ||     3
       Beef jerky        |       |     1 |     1 ||     2
       Meat ration       |       |       |     2 ||     2
